 Dungeon Crawl Stone Soup version 0.31-a0-229-g1fc7ce93e2 (webtiles) character file.

Game seed: 390463238734257684

57 qw the Shooter (level 3, -1/29 HPs)
             Began as a Minotaur Hexslinger on July 6, 2023.
             Killed from afar by Ijyb (15 damage)
             ... with a bolt of acid
             ... on level 3 of the Dungeon.
             The game lasted 00:00:37 (1343 turns).

qw the Shooter (Minotaur Hexslinger)                Turns: 1343, Time: 00:00:37

Health: -1/29      AC:  3    Str: 12    XL:     3   Next: 73%
Magic:  3/3        EV: 12    Int: 10    God:
Gold:   94         SH:  0    Dex: 14    Spells: 3/4 levels left

rFire   . . .        Y - +1 sling
rCold   . . .        (no shield)
rNeg    . . .        d - +0 leather armour
rPois   .            (helmet restricted)
rElec   .            (no cloak)
rCorr   .            (no gloves)
SInv    .            (no boots)
Will    .....        (no amulet)
Stlth   +            (no ring)
HPRegen 0.24/turn    (no ring)
MPRegen 0.08/turn

%: no passive effects
@: no status effects
A: horns 2, retaliatory headbutt
a: no special abilities


You were on level 3 of the Dungeon.
You visited 1 branch of the dungeon, and saw 3 of its levels.

You collected 94 gold pieces.


Innate Abilities, Weirdness & Mutations

You have a pair of horns on your head.
You reflexively headbutt those who attack you in melee.


   Skills:
 - Level 2.0 Fighting
 + Level 4.3 Ranged Weapons
 - Level 2.1 Dodging
 - Level 1.0 Spellcasting
 - Level 2.0 Hexes


You had 3 spell levels left.
You knew the following spells:

 Your Spells              Type           Power      Damage    Failure   Level
a - Slow                  Hex            16%        N/A       19%         1

Your spell library contained the following spells:

 Spells                   Type           Power      Damage    Failure   Level
 Inner Flame              Hex/Fire       2%         N/A       65%         3
 Portal Projectile        Hex/Tloc       4%         N/A       65%         3
 Cause Fear               Hex            2%         N/A       88%         4

Inventory:

Hand Weapons
 Y - a +1 sling (weapon)
Armour
 d - a +0 leather armour (worn)
Scrolls
 a - 4 scrolls of identify
 c - 2 scrolls of teleportation {unknown}
 e - a scroll of fog {unknown}
Potions
 b - a potion of might
 f - a potion of ambrosia {unknown}
 g - a potion of berserk rage {unknown}

Dungeon Overview and Level Annotations

Branches:
Dungeon (3/15)

Altars:

Shops:
D:1 [

Annotations:
D:3 Ijyb


Message History

Enter note:
Enter note:
Enter note:
Enter note:
Enter note:
Enter note:
Enter note:
Enter note:
Enter note:
Enter note:
Enter note:
Enter note:
Enter note:
Enter note:
Enter note:
Enter note:
Enter note:
Enter note:
Enter note: You shoot a sling bullet.
The sling bullet hits Ijyb.
Ijyb is lightly wounded.
You shoot a sling bullet.
The sling bullet hits Ijyb but does no damage.
Ijyb is lightly wounded.
Ijyb closely misses you.
You shoot a sling bullet.
The sling bullet hits Ijyb but does no damage.
Ijyb is lightly wounded.
Ijyb zaps a wand.
The bolt of acid hits you!
Ouch! That really hurt!
You shoot a sling bullet. The sling bullet barely misses Ijyb.
Ijyb zaps a wand.
The bolt of acid misses you.
You shoot a sling bullet. The sling bullet closely misses Ijyb.
Ijyb barely misses you.
You shoot a sling bullet.
The sling bullet hits Ijyb but does no damage.
Ijyb is lightly wounded.
Ijyb zaps a wand.
The bolt of acid hits you!
Ouch! That really hurt!
You die...

.......#.#.....#.......#
.......#.......#.......#
.......................#
.......#...............###
........................#.
..........######..........
.............###..........
#.......#..............
#.....@.#####.......#>.
##....g## ###.###....
#....... #.###.#..
#.......# ####.....#.#
#.......# #..........#
##.....## #.....7P...#
##...## #.....P7...# ####
#..........# #..........#


You could see Ijyb.

Vanquished Creatures
  An adder (D:2)
  An orc (D:2)
  7 bats
  4 endoplasms
  2 giant cockroaches (D:2)
  6 hobgoblins
  3 quokkas
  5 ball pythons
  A frilled lizard (D:1)
  5 goblins
  3 kobolds
  3 rats (D:1)
41 creatures vanquished.

Notes
Turn   | Place    | Note
-------+----------+-------------------------------------------
     0 | D:1      | qw the Minotaur Hexslinger began the quest for the Orb.
     0 | D:1      | Reached XP level 1. HP: 16/16 MP: 1/1
     0 | D:1      | 0 ||| qw: Version: 0.3-a-46-gb1f654a
     0 | D:1      | 0 ||| qw: Game counter: 1273
     0 | D:1      | 0 ||| qw: Melee chars always use a shield: true
     0 | D:1      | 0 ||| qw: God list: Okawaru
     0 | D:1      | 0 ||| qw: Allow faded altars: false
     0 | D:1      | 0 ||| qw: Do Orc after clearing Dungeon:15 true
     0 | D:1      | 0 ||| qw: Do second Lair branch before Depths: true
     0 | D:1      | 0 ||| qw: Lair rune preference: random
     0 | D:1      | 0 ||| qw: Goals: Normal
     0 | D:1      | 0 ||| PLANNING D:1-11
    64 | D:1      | 64 ||| FLEEEEING.
    65 | D:1      | 65 ||| FLEEEEING.
    66 | D:1      | 66 ||| FLEEEEING.
    67 | D:1      | 67 ||| FLEEEEING.
    68 | D:1      | 68 ||| FLEEEEING.
    69 | D:1      | 69 ||| FLEEEEING.
    70 | D:1      | 70 ||| FLEEEEING.
    71 | D:1      | 71 ||| FLEEEEING.
    72 | D:1      | 72 ||| FLEEEEING.
    76 | D:1      | 76 ||| FLEEEEING.
    77 | D:1      | 77 ||| FLEEEEING.
   134 | D:1      | Reached skill level 3 in Ranged Weapons
   134 | D:1      | Reached XP level 2. HP: 23/23 MP: 2/2
   204 | D:1      | Found a faded altar of an unknown god.
   438 | D:1      | Found Esieqa's Antique Armour Shop.
   444 | D:1      | 444 ||| SHOPLISTING glowing leather armour (115 gold, have
                  | 26).
   444 | D:1      | 444 ||| SHOPLISTING leather armour (46 gold, have 26).
   444 | D:1      | 444 ||| SHOPLISTING ring mail (92 gold, have 26).
   548 | D:1      | 548 ||| READING 2 scrolls labelled DYIMPE BOGI.
   549 | D:1      | 549 ||| DROPPING scroll of poison.
   617 | D:2      | Reached XP level 3. HP: 29/29 MP: 3/3
   776 | D:2      | Reached skill level 4 in Ranged Weapons
  1093 | D:2      | 1093 ||| UPGRADING to +0 leather armour.
  1103 | D:2      | 1103 ||| DROPPING +0 robe.
  1104 | D:2      | 1104 ||| READING scroll labelled PYIPUT URI.
  1105 | D:2      | 1105 ||| READING scroll labelled RIAMEIT SAKAOPH.
  1106 | D:2      | 1106 ||| READING 4 scrolls of identify.
  1106 | D:2      | 1106 ||| IDENTIFYING silvery potion
  1107 | D:2      | 1107 ||| READING 3 scrolls of identify.
  1107 | D:2      | 1107 ||| IDENTIFYING fizzy puce potion
  1108 | D:2      | 1108 ||| DROPPING potion of lignification.
  1138 | D:3      | 1138 ||| STAIRDANCE
  1336 | D:3      | Noticed Ijyb
  1343 | D:3      | Killed from afar by Ijyb

Levels and vault maps discovered:
D:1:      minmay_arrival_wavy_path, layout_rooms, serial_shops, shop,
          ebering_ecumenical_altar_box, corexii_leaking_fountain,
          hangedman_glass_teeth, minmay_pentomino_x2
D:2:      layout_loops_cross
D:3:      layout_rooms, serial_park_tiny_1, uniq_ijyb

Skill      XL: |  1  2  3 |
---------------+----------+-----
Ranged Weapons | 3 4 |  4.3
Fighting       | 2 |  2.0
Dodging        | |  2.1
Spellcasting   | |  1.0
Hexes          | |  2.0

Action                     || total
---------------------------++-------
   Fire: Sling             ||   126
    Use: Scroll            ||     5
 Armour: Robe              ||     6
         Leather armour    ||     7
  Dodge: Dodged            ||    32

Table legend:
 A = Non-vault XP
 B = Vault XP
 C = Vault XP percentage of total XP
 D = Non-vault monster count
 E = Vault monster count
 F = Vault count percentage of total count
                 A         B        C        D         E       F
            +---------+---------+-------+---------+---------+-------
      Total |      78 |       4 |   4.9 |      39 |       2 |   4.9
            +---------+---------+-------+---------+---------+-------
        D:1 |      35 |       4 |  10.3 |      23 |       2 |   8.0
        D:2 |      35 |       0 |   0.0 |      12 |       0 |   0.0
        D:3 |       8 |       0 |   0.0 |       4 |       0 |   0.0
            +---------+---------+-------+---------+---------+-------
